 Dungeon Crawl Stone Soup version 0.23-a0-78-gc252fe1 (webtiles) character file.

695611 Moebius the Gargoyle Barricade (level 27, -3/187 HPs)
             Began as a Gargoyle Berserker on Aug 9, 2018.
             Was the Champion of Trog.
             Killed from afar by a hellion (14 damage)
             ... with damnation
             ... on level 2 of Gehenna on Aug 10, 2018.
             The game lasted 09:04:11 (69996 turns).

Moebius the Gargoyle Barricade (GrBe)              Turns: 69996, Time: 09:04:20

Health: -3/187     AC: 46    Str: 22 (23) XL:     27
Magic:  0/18       EV: 17    Int: 11 (14) God:    Trog [******]
Gold:   2017       SH: 36    Dex: 15 (16) Spells: 26/26 levels left

rFire    + + +     SeeInvis +   Q - +8 broad axe of Rauthul {holy, rF+ rC+}
rCold    x . .     Gourm    .   m - +6 large shield {reflect}
rNeg     + + +     Faith    .   O - +6 fire dragon scales of Limited Liability {-Tele rF++ rC- Int+5}
rPois    ∞         Spirit   +   r - +2 hat of the Bear Spirit {Spirit, +Rage rN+ MR++}
rElec    +         Reflect  +   w - +2 cloak
rCorr    +         Harm     .   Y - +0 pair of gloves of the Jabberwock {+Fly rCorr Str+3}
MR       ++++.     Clarity  +   u - +2 pair of boots Stlth ..........NoTele +
                                Z - amulet of Vitality {Regen+ HP+15}
HPRegen  0.81/turn              z - ring "Zib Raf" {rF+ rN+++ SInv}
MPRegen  0.16/turn              K - ring of Posa {Fire Dex+2}

@: flying
A: antennae 1, big wings, large bone plates 1, blurry vision 1, clarity, clumsy
2, deformed body, deterioration 1, dopey 1, frail 1, low mp 2, negative energy
resistance 1, screaming 2, electricity resistance, weak 1, wild magic 1,
unbreathing, petrification resistance, rot immunity, AC +20
}: 4/15 runes: decaying, serpentine, slimy, silver
a: Stop Flying, Berserk, Trog's Hand, Brothers in Arms, Renounce Religion, Evoke
Berserk Rage


You were on level 2 of Gehenna.
You worshipped Trog.
Trog was exalted by your worship.
You were not hungry.

You visited 16 branches of the dungeon, and saw 60 of its levels.
You visited 1 bazaar.
You also visited: Bailey, Ice Cave and Wizlab.

You collected 7986 gold pieces.
You spent 5969 gold pieces at shops.

Inventory:

Hand Weapons
 d - the +12 morningstar of Earthquakes {freeze, rElec rC++ Dex-3 Stlth+}
   (You took it off a fire giant on level 5 of the Vaults)

   It has been specially enchanted to freeze those struck by it, causing extra
   injury to most foes and up to half again as much damage against particularly
   susceptible opponents.
   It can also slow down cold-blooded creatures.
   It affects your dexterity (-3).
   It greatly protects you from cold.
   It insulates you from electricity.
   It makes you more stealthy.
 g - a +4 antimagic demon whip
 F - the +7 flail of Joint {antimagic, rF++ Dex+4}
   (You bought it in a shop in a bazaar)

   It reduces the magical energy of the wielder, and disrupts the spells and
   magical abilities of those hit.
   Natural abilities and divine invocations are not affected.
   It affects your dexterity (+4).
   It greatly protects you from fire.
 M - a +7 eveningstar of draining
 Q - the +8 broad axe of Rauthul (weapon) {holy, rF+ rC+}
   (You took it off a tengu reaver on level 5 of the Vaults)

   It has been blessed by the Shining One to cause great damage to the undead
   and demons.
   It protects you from fire.
   It protects you from cold.
Missiles
 b - 13 javelins of penetration
 s - 32 tomahawks of returning (quivered)
 v - 16 silver tomahawks
Armour
 m - a +6 large shield of reflection (worn)
 r - the +2 hat of the Bear Spirit (worn) {Spirit, +Rage rN+ MR++}
   (You acquired it on level 1 of the Lair of Beasts)

   It protects you from negative energy.
   It affects your resistance to hostile enchantments.
   It lets you go berserk.
 u - a +2 pair of boots (worn)
 w - a +2 cloak (worn)
 y - the +2 scale mail of the King {rElec rC- Int+2 SInv}
   (You found it on level 3 of the Elven Halls)

   It affects your intelligence (+2).
   It makes you vulnerable to cold.
   It insulates you from electricity.
   It lets you see invisible.
 O - the +6 fire dragon scales of Limited Liability (worn) {-Tele rF++ rC- Int+5}
   (You bought it in a shop in a bazaar)

   It affects your intelligence (+5).
   It greatly protects you from fire.
   It makes you vulnerable to cold.
   It prevents most forms of teleportation.
 Y - the +0 pair of gloves of the Jabberwock (worn) {+Fly rCorr Str+3}
   (You found it on level 3 of the Crypt)

   It affects your strength (+3).
   It lets you fly.
   It provides partial protection from all sources of acid and corrosion.
Jewellery
 h - an uncursed ring of protection from magic
 p - an uncursed ring of ice
 z - the ring "Zib Raf" (left hand) {rF+ rN+++ SInv}
   (You took it off a deep elf death mage on level 3 of the Elven Halls)

   [ring of protection from fire]

   It protects you from fire.
   It renders you almost immune to negative energy.
   It lets you see invisible.
 G - the amulet of Qyrrug {Spirit rF+ rC++ Str-4 Int+3}
   (You found it on level 5 of the Pits of Slime)

   [amulet of guardian spirit]

   It causes incoming damage to be split between your health and magic.
   It affects your strength (-4).
   It affects your intelligence (+3).
   It protects you from fire.
   It greatly protects you from cold.
 I - a +5 ring of evasion
 K - the ring of Posa (right hand) {Fire Dex+2}
   (You bought it in a shop on level 2 of the Orcish Mines)

   [ring of fire]

   It enhances your fire magic.
   It affects your dexterity (+2).
   It protects you from fire.
   It makes you vulnerable to cold.
 S - an uncursed ring of positive energy
 Z - the amulet of Vitality (around neck) {Regen+ HP+15}
   (You acquired it on level 11 of the Dungeon)

   [amulet of regeneration]

   It affects your health (+15).
   It increases your rate of regeneration.
Wands
 f - a wand of clouds (8)
 i - a wand of digging (113)
 o - a wand of acid (37)
 P - a wand of disintegration (17)
 R - a wand of iceblast (15)
Scrolls
 j - a scroll of blinking
 q - 2 scrolls of identify
 t - 6 scrolls of fog
 x - 3 scrolls of silence
 C - 19 scrolls of teleportation
 H - 3 scrolls of fear
 N - 32 scrolls of remove curse
 U - 5 scrolls of magic mapping
Potions
 e - 2 potions of might
 n - 16 potions of curing
 B - 4 potions of heal wounds
 J - 5 potions of resistance
 L - 5 potions of haste
 V - 3 potions of cancellation
 X - a potion of berserk rage
Miscellaneous
 a - the horn of Geryon (inert)
 k - a phial of floods
 l - a sack of spiders
 A - a phantom mirror
 D - a fan of gales
 E - 2 boxes of beasts
 T - a lightning rod (4/4)
 W - a lamp of fire
Comestibles
 c - 59 rations


   Skills:
 + Level 24.4 Fighting
 + Level 16.8(21.4) Axes
 + Level 23.9(25.7) Maces & Flails
   Level 1.3 Bows
 + Level 10.1 Throwing
 + Level 13.9 Armour
 + Level 12.2 Dodging
 O Level 27 Shields
 + Level 0.3 Evocations


You had 26 spell levels left.
You didn't know any spells.
Your spell library contained the following spells:

 Spells                   Type           Power        Failure   Level  Hunger
 Magic Dart               Conj           #...         71%         1    ##.....
 Fireball                 Conj/Fire      #.........   100%        5    ######.
 Apportation              Tloc           #.....       71%         1    ##.....
 Conjure Flame            Conj/Fire      #.......     96%         3    ####...
 Bolt of Fire             Conj/Fire      #.........   100%        6    #######
 Bolt of Cold             Conj/Ice       #.........   100%        6    #######
 Lightning Bolt           Conj/Air       #.........   100%        5    ######.
 Confuse                  Hex            #.......     96%         3    ####...
 Throw Flame              Conj/Fire      #.....       83%         2    ###....
 Controlled Blink         Tloc           N/A          100%        8    #######
 Freezing Cloud           Conj/Ice/Air   #.........   100%        6    #######
 Mephitic Cloud           Conj/Pois/Air  #.......     96%         3    ####...
 Venom Bolt               Conj/Pois      #.........   100%        5    ######.
 Olgreb's Toxic Radiance  Pois           #.......     100%        4    #####..
 Summon Small Mammal      Summ           #...         71%         1    ##.....
 Bolt of Draining         Conj/Necr      #.........   100%        5    ######.
 Iskenderun's Mystic Bla  Conj           #.......     100%        4    #####..
 Summon Horrible Things   Summ           #.........   100%        8    #######
 Animate Skeleton         Necr           N/A          71%         1    ##.....
 Freeze                   Ice            #...         71%         1    ##.....
 Ozocubu's Refrigeration  Ice            #.........   100%        6    #######
 Sticky Flame             Conj/Fire      #.......     100%        4    #####..
 Summon Ice Beast         Ice/Summ       #.......     100%        4    #####..
 Call Imp                 Summ           #.......     83%         2    ###....
 Dispel Undead            Necr           #.......     100%        5    ######.
 Regeneration             Chrm/Necr      #.........   96%         3    ####...
 Sting                    Conj/Pois      #...         71%         1    ##.....
 Sublimation of Blood     Necr           #.........   83%         2    ###....
 Summon Demon             Summ           #.........   100%        5    ######.
 Summon Greater Demon     Summ           #.........   100%        7    #######
 Corpse Rot               Necr           N/A          83%         2    ###....
 Stone Arrow              Conj/Erth      #.....       96%         3    ####...
 Shock                    Conj/Air       #...         71%         1    ##.....
 Swiftness                Chrm/Air       #.......     83%         2    ###....
 Recall                   Summ/Tloc      N/A          96%         3    ####...
 Agony                    Necr           #.......     100%        5    ######.
 Spider Form              Tmut/Pois      #.........   96%         3    ####...
 Blade Hands              Tmut           #.........   100%        5    ######.
 Statue Form              Tmut/Erth      #........    100%        6    #######
 Ice Form                 Ice/Tmut       #.......     100%        4    #####..
 Dragon Form              Tmut           #.........   100%        7    #######
 Airstrike                Air            #.........   100%        4    #####..
 Shadow Creatures         Summ           N/A          100%        6    #######
 Confusing Touch          Hex            #.....       71%         1    ##.....
 Flame Tongue             Conj/Fire      #....        71%         1    ##.....
 Passwall                 Tmut/Erth      #.......     83%         2    ###....
 Ignite Poison            Fire/Tmut/Pois #.......     96%         3    ####...
 Sticks to Snakes         Tmut           #.......     83%         2    ###....
 Call Canine Familiar     Summ           #.......     96%         3    ####...
 Ensorcelled Hibernation  Hex/Ice        #.....       83%         2    ###....
 Metabolic Englaciation   Hex/Ice        #.........   100%        5    ######.
 Silence                  Hex/Air        #.........   100%        5    ######.
 Shatter                  Erth           #.........   100%        9    #######
 Dispersal                Tloc           #.........   100%        6    #######
 Static Discharge         Conj/Air       #.......     96%         3    ####...
 Corona                   Hex            #......      71%         1    ##.....
 Alistair's Intoxication  Tmut/Pois      #.......     100%        5    ######.
 Lee's Rapid Deconstruct  Erth           #.........   100%        5    ######.
 Sandblast                Erth           #.....       71%         1    ##.....
 Simulacrum               Ice/Necr       #.........   100%        6    #######
 Excruciating Wounds      Chrm/Necr      #.........   100%        5    ######.
 Portal Projectile        Hex/Tloc       #.....       96%         3    ####...
 Monstrous Menagerie      Summ           #.........   100%        7    #######
 Petrify                  Tmut/Erth      #.......     100%        4    #####..
 Malign Gateway           Summ/Tloc      #.........   100%        7    #######
 Tornado                  Air            #.........   100%        9    #######
 Inner Flame              Hex/Fire       #.......     96%         3    ####...
 Aura of Abjuration       Summ           #.........   100%        5    ######.
 Beastly Appendage        Tmut           #.....       71%         1    ##.....
 Disjunction              Tloc           #.........   100%        8    #######
 Fulminant Prism          Conj/Hex       #.........   100%        4    #####..
 Dazzling Spray           Conj/Hex       #.....       96%         3    ####...
 Force Lance              Conj/Tloc      #.......     100%        4    #####..
 Infusion                 Chrm           #...         71%         1    ##.....
 Spectral Weapon          Hex/Chrm       #.......     96%         3    ####...
 Searing Ray              Conj           #.....       83%         2    ###....
 Discord                  Hex            #.........   100%        8    #######
 Summon Forest            Summ/Tloc      #.........   100%        5    ######.
 Summon Lightning Spire   Summ/Air       #.......     100%        4    #####..
 Summon Guardian Golem    Hex/Summ       #.......     96%         3    ####...
 Summon Mana Viper        Hex/Summ       #.......     100%        5    ######.
 Hydra Form               Tmut           #.........   100%        6    #######
 Irradiate                Conj/Tmut      #.........   100%        5    ######.
 Gell's Gravitas          Tloc           #.........   96%         3    ####...
 Yara's Violent Unravell  Hex/Tmut       #.........   100%        5    ######.
 Lesser Beckoning         Tloc           #.........   96%         3    ####...
 Poisonous Vapours        Pois/Air       #.....       83%         2    ###....
 Ignition                 Fire           #.........   100%        8    #######
 Borgnjor's Vile Clutch   Necr/Erth      #.........   100%        5    ######.


Dungeon Overview and Level Annotations

Branches:
Dungeon (15/15)            Temple (1/1) D:7            Lair (6/6) D:10
  Swamp (4/4) Lair:2        Snake (4/4) Lair:2        Slime (5/5) Lair:5
    Orc (2/2) D:12            Elf (3/3) Orc:2        Vaults (5/5) D:14
  Crypt (3/3) Vaults:3       Tomb (2/3) Crypt:3      Depths (5/5) D:15
   Hell (1/1)                 Dis (0/7) Hell            Geh (2/7) Hell
    Coc (1/7) Hell            Tar (1/7) Hell            Zot (0/5) Depths:5

Altars:
Ashenzari
Fedhas
Gozag
Hepliaklqana
Nemelex Xobeh
Okawaru
Qazlal
Ru
Sif Muna
Trog
Vehumet
Wu Jian
Xom
Yredelemnul
Zin
The Shining One
Beogh
Jiyva

Shops:
D:7 }   D:14 (   Orc:2 =(*[   Elf:2 (   Vaults:2 !   Vaults:4 *

Portals:
Hell: Depths:1 Depths:2 Depths:3 Depths:4 Depths:5
Abyss: Depths:2 Depths:3 Depths:4
Pandemonium: Depths:2 Depths:3
Ziggurat: Depths:4
Trove: D:13 (give 20 potions of curing)

Annotations:
Swamp:4 Lernaean hydra
Slime:4 Dissolution


Innate Abilities, Weirdness & Mutations

You are resistant to torment.
Your stone body is resilient. (AC +20)
You are immune to poison.
Your large and strong wings let you fly indefinitely.
You resist negative energy. (rN+)
You are resistant to electric shocks. (rElec)
You can survive without breathing.
You are immune to petrification.
You are immune to rotting.
You have a pair of small antennae on your head.
You are partially covered in large bone plates. (SH +4)
Scrolls take you a little longer to read.
You possess an exceptional clarity of mind.
You are very clumsy. (Dex -4)
Armour fits poorly on your strangely shaped body.
Your body sometimes deteriorates upon taking damage.
You are dopey. (Int -2)
You are frail. (-10% HP)
Your magical capacity is very low. (-20% MP)
You sometimes yell uncontrollably at your foes.
You are weak. (Str -2)
Your spells are a little harder to cast, but a little more powerful.


Message History

You hear a roar!
Evoke which item? (* to show all) (? for menu, Esc to quit)
Aiming: Iceblast
Press: ? - help, Shift-Dir - straight line You can't see that place. [some lava.]
Okay, then.
The hellion gives a hideous shriek! x4
The hellion gestures at you.
The sphere of damnation explodes!
The damnation engulfs you!
Your body deteriorates!
You feel weakened. The hellion gestures at you.
The sphere of damnation explodes!
The damnation engulfs you!
* * * LOW HITPOINT WARNING * * *
The hellion gestures at you.
The sphere of damnation explodes!
The damnation engulfs you!
* * * LOW HITPOINT WARNING * * *
The hellion gestures at you.
The sphere of damnation explodes!
The damnation engulfs you!
You die...

.≈§≈.# # E ≈§1≈.### #
≈§E≈≈§≈≈≈≈ # ≈≈≈§§≈≈≈≈ #
§≈22≈§§.≈ # §222§§§≈§ ###
z22≈≈≈§≈###############.#
222≈§≈≈.@.......†........
≈§§§§§..###############..
≈≈§≈§≈.## ### .§≈§... #
#§§§§§# ##.§§# #≈§§ ####


You could see a Brimstone Fiend and 7 hellions.

Vanquished Creatures
  the Royal Jelly (Slime:5)
  Dissolution (Slime:4)
  3 ancient liches
  A greater mummy (Tomb:1)
  Vashnia (Snake:4)
  Geryon (Hell)
  A caustic shrike (Depths:5)
  2 golden dragons (Depths:4)
  A bone dragon (Crypt:3)
  4 Brimstone Fiends
  4 tentacled monstrosities
  Rupert (D:13)
  5 liches
  A quicksilver dragon (Vaults:5)
  Asterion (Depths:1)
  A deep elf master archer (Elf:3)
  3 titans
  30 acid blobs
  A deep elf blademaster (Elf:3)
  4 ancient champions
  A thorn hunter (Swamp:2)
  Agnes (Snake:3)
  10 sphinxes
  Donald (Elf:2)
  4 storm dragons
  13 tengu reavers
  Roxanne (Snake:4)
  5 shadow dragons
  14 azure jellies
  12 frost giants
  4 revenants
  13 nagarajas
  2 iron dragons
  18 vault wardens
  10 fire giants
  6 deep elf sorcerers (Elf:3)
  A draconian knight (Depths:5)
  5 ghouls
  Louise (Snake:4)
  2 juggernaut zombies
  A cacodemon (Depths:3)
  2 orc warlords
  6 deep elf elementalists
  6 balrugs
  A curse skull (Hell)
  2 caustic shrike zombies
  4 war gargoyles
  26 very ugly things
  A spriggan defender (Depths:5)
  9 reapers
  A caustic shrike skeleton (Depths:5)
  26 stone giants
  8 vampire knights
  4 bennus
  16 ironheart preservers
  Nessos (D:12)
  3 entropy weavers
  Azrael (Snake:1)
  9 deep elf demonologists
  A lorocyproca (Hell)
  8 spark wasps
  11 deep elf annihilators
  9 deep elf death magi
  4 eidola
  8 death oozes
  8 mummy priests
  15 ettins
  3 crystal guardians (Crypt:3)
  A quicksilver dragon zombie (Geh:2)
  3 jiangshi
  A merfolk impaler (Depths:2)
  11 fire dragons
  22 naga warriors
  11 great orbs of eyes
  A quicksilver dragon skeleton (Crypt:3)
  Josephine (Lair:6)
  27 vault guards
  11 deep elf high priests
  8 yaktaur captains
  21 hydras
  Erolcha (Orc:2)
  12 ice dragons
  11 rakshasas
  A ghost crab (Swamp:2)
  4 spriggan air magi
  A catoblepas (Lair:6)
  11 anacondas
  7 death yaks
  11 centaur warriors
  18 ogre magi
  6 death knights
  A death scarab (Tomb:1)
  28 dancing weapons
  7 hell hogs (Geh:1)
  54 two-headed ogres
  13 alligators
  2 orc high priests
  7 tengu warriors
  7 deep troll earth magi
  10 shock serpents
  2 spriggan berserkers
  9 deep troll shamans
  Urug (Orc:1)
  20 deep elf knights
  4 vampire magi
  17 small abominations
  2 iron golems (Hell)
  23 naga sharpshooters
  14 sun demons
  A soul eater (Depths:3)
  A titan skeleton (Geh:1)
  3 shadow wraiths
  A sixfirhy (Depths:3)
  An iron troll (Depths:2)
  A storm dragon zombie (Geh:1)
  29 skeletal warriors
  Nergalle (D:12)
  A fire crab (shapeshifter) (Depths:4)
  19 hell knights
  9 flayed ghosts
  A golden dragon zombie (Crypt:3)
  A swamp dragon (shapeshifter) (Depths:4)
  5 unseen horrors
  5 glowing orange brains
  A glowing orange brain (shapeshifter) (Depths:5)
  5 salamander mystics
  24 deep trolls
  3 shambling mangroves
  2 anaconda zombies
  7 naga ritualists
  2 shadow dragon zombies
  A spriggan druid (Swamp:2)
  20 deep elf archers
  2 spark wasp zombies
  6 wizards
  2 golden dragon skeletons
  An anaconda skeleton (Hell)
  13 swamp dragons
  4 wolf spider zombies
  10 ironbrand convokers
  28 necromancers
  12 mana vipers
  2 harpies (shapeshifter)
  5 wolf spiders
  4 lindwurms (D:12)
  17 orc knights
  61 deep elf magi
  Pikel (D:6)
  3 oklob plants (Lair:4)
  7 phantasmal warriors
  5 fire giant zombies
  A shadow dragon skeleton (Geh:2)
  4 manticores (D:13)
  7 shining eyes
  53 ugly things
  11 cyclopes
  8 frost giant zombies
  A salamander (shapeshifter) (Depths:1)
  23 salamanders
  4 stone giant zombies
  2 fire giant skeletons
  26 elephants
  A shock serpent zombie (Crypt:3)
  An iron dragon skeleton (Crypt:3)
  2 dire elephant zombies
  12 vault sentinels
  Joseph (D:9)
  21 naga magi
  8 guardian serpents
  2 spriggan zombies
  10 rust devils
  2 molten gargoyles
  39 black mambas
  A gargoyle (D:15)
  A titan simulacrum (Hell)
  5 stone giant skeletons
  2 torpor snails
  An ice statue (IceCv)
  An eye of devastation (WizLab)
  2 spiny frogs (shapeshifter)
  An elf zombie (Hell)
  A black mamba (shapeshifter) (Vaults:1)
  A guardian serpent (shapeshifter) (Vaults:3)
  An eye of devastation (shapeshifter) (Vaults:5)
  5 frost giant skeletons
  A yaktaur zombie (Hell)
  An orange demon (Depths:3)
  3 dire elephant skeletons
  10 spiny frogs
  A rime drake (Lair:5)
  3 centaur skeletons
  A komodo dragon (shapeshifter) (Depths:3)
  A spark wasp simulacrum (Depths:2)
  4 komodo dragons
  A swamp worm zombie (Crypt:1)
  36 yaktaurs
  3 efreet
  7 freezing wraiths
  4 kobold demonologists
  4 tormentors (Geh:1)
  5 hellions
  A yaktaur skeleton (Vaults:4)
  20 red devils
  5 demonic crawlers
  9 ice devils
  2 human skeletons
  11 guardian mummies (Tomb:1)
  2 spriggan skeletons (Depths:2)
  2 harpy zombies
  A minotaur skeleton (Crypt:1)
  A black draconian skeleton (Crypt:1)
  A catoblepas skeleton (Crypt:1)
  A queen bee (Lair:2)
  4 tengu conjurers
  A jumping spider (Vaults:4)
  A merfolk (shapeshifter) (Vaults:3)
  8 trolls
  Grinder (D:5)
  The ghost of nht the Quickloader, an amateur MiHu (D:4)
  4 hydra zombies (Hell)
  2 wolf spider simulacra
  5 tyrant leeches
  12 polar bears
  130 slime creatures
  2 meliai (shapeshifter)
  17 blink frogs
  14 hornets
  6 ettin zombies
  A wind drake (shapeshifter) (Vaults:2)
  A raiju (shapeshifter) (Vaults:3)
  2 fire giant simulacra
  An alligator zombie (Geh:1)
  6 bog bodies
  A slime creature (shapeshifter) (Depths:5)
  7 hippogriffs
  An ice dragon zombie (Crypt:2)
  4 fire dragon zombies
  A harpy skeleton (Crypt:3)
  2 dream sheep (Lair:4)
  A hydra skeleton (Hell)
  A stone giant simulacrum (Vaults:2)
  3 deep troll zombies (Hell)
  A frost giant simulacrum (Depths:2)
  9 large abominations
  A dream sheep (shapeshifter) (Vaults:5)
  2 ice dragon skeletons
  A tarantella (Vaults:4)
  An ettin skeleton (Geh:1)
  2 meliai zombies (D:14)
  4 redbacks
  3 vampires (Vaults:3)
  An alligator skeleton (Crypt:1)
  61 flying skulls
  6 spriggans
  13 shadows
  An air elemental (Elf:2)
  12 water elementals
  19 wraiths
  2 yaks (shapeshifter)
  A human (shapeshifter) (D:15)
  A ynoxinul (Depths:3)
  4 wyverns
  2 black mamba skeletons
  15 golden eyes
  The ghost of Oddysee the Ducker, an amateur SpVM (D:4)
  3 basilisks
  14 fire elementals
  16 humans (D:13)
  56 yaks
  Eustachio (D:5)
  2 hungry ghosts
  2 chaos spawn (Depths:2)
  A steam dragon (Lair:3)
  11 wargs
  12 vampire mosquitoes
  68 nagas
  Edmund (D:5)
  A monstrous demonspawn zombie (Crypt:2)
  14 insubstantial wisps (Swamp:1)
  2 acid dragons
  10 swamp worms
  21 water moccasins
  2 spiny frog zombies
  21 hell hounds
  A water nymph skeleton (Crypt:1)
  14 porcupines
  A floating eye (shapeshifter) (Vaults:5)
  A porcupine (shapeshifter) (Vaults:5)
  A snapping turtle zombie (Geh:1)
  2 spiny frog skeletons
  2 sky beasts
  3 ice beasts
  A swamp dragon zombie (Crypt:1)
  4 black bears
  11 swamp drakes
  A black bear (shapeshifter) (Elf:3)
  9 eyes of draining
  46 orc warriors
  6 phantoms
  42 ogres
  An alligator simulacrum (Hell)
  An ettin simulacrum (Vaults:2)
  3 boggarts (Depths:5)
  A manticore zombie (Crypt:2)
  7 necrophages
  36 wolves
  A centaur (shapeshifter) (Vaults:5)
  3 elf skeletons
  28 centaurs
  4 swamp dragon skeletons
  4 snapping turtle skeletons
  3 big kobolds
  12 crocodiles
  16 bullfrogs
  An earth elemental (Elf:1)
  A salamander skeleton (Crypt:1)
  2 wyvern skeletons (D:13)
  A glowing shapeshifter simulacrum (Vaults:4)
  A cyclops skeleton (Crypt:2)
  7 scorpions
  A yak zombie (Crypt:2)
  19 killer bees (Lair:2)
  24 wights
  A howler monkey (shapeshifter) (Vaults:5)
  3 electric eels
  2 howler monkeys (D:8)
  8 crimson imps
  3 quasits
  5 centaur zombies
  8 jellies
  22 orc priests
  A soldier ant zombie (Crypt:2)
  Crazy Yiuf (D:5)
  A bullfrog skeleton (D:11)
  8 hounds
  2 human zombies (Geh:1)
  22 orc wizards
  5 iguanas
  Terence (D:2)
  9 worker ants
  6 hell rats (Hell)
  A killer bee zombie (D:6)
  3 tengu zombies
  A crocodile skeleton (Crypt:2)
  2 naga skeletons
  A tengu skeleton (Geh:1)
  3 hound skeletons
  8 mummies (Tomb:1)
  A worker ant zombie (D:5)
  4 gnolls
  7 adders
  4 shadow imps
  7 oozes
  3 adder zombies
  A worm (D:4)
  A dart slug (D:2)
  4 leopard geckos
  111 orcs
  3 bats
  7 giant cockroaches
  6 hobgoblins
  8 jackals
  4 quokkas
  A dart slug zombie (Crypt:2)
  4 frilled lizards
  10 goblins
  2 jackal zombies
  31 kobolds
  A kobold zombie (Geh:1)
  A leopard gecko skeleton (D:4)
  An orc zombie (Crypt:1)
  2 rats
  3 crawling corpses (Elf:3)
  2 fungi
  2 plants
2877 creatures vanquished.

Vanquished Creatures (collateral kills)
  An ancient lich (Crypt:3)
  A greater mummy (Tomb:1)
  the Lernaean hydra (Swamp:4)
  Saint Roka (Vaults:3)
  An ancient champion (Crypt:1)
  2 acid blobs
  4 azure jellies
  A nagaraja (Snake:3)
  A deep elf sorcerer (Elf:3)
  3 ghouls (Vaults:3)
  A deep elf elementalist (Elf:3)
  2 war gargoyles (Crypt:3)
  An entropy weaver (Vaults:4)
  A stone giant (Orc:2)
  A dire elephant (Lair:6)
  A deep elf annihilator (Elf:3)
  An ettin (Orc:2)
  A crystal guardian (Vaults:3)
  A vault guard (Vaults:3)
  A jiangshi (Crypt:1)
  2 deep elf high priests (Elf:3)
  2 hydras
  2 naga warriors (Snake:4)
  A catoblepas (Lair:6)
  An ogre mage (Vaults:3)
  A death knight (Vaults:5)
  2 two-headed ogres (Vaults:3)
  An orc high priest (Elf:1)
  3 naga sharpshooters (Snake:4)
  A deep elf knight (Elf:3)
  Sonja (Lair:2)
  A shock serpent (Snake:4)
  A shadow wraith (Vaults:3)
  3 skeletal warriors (Crypt:3)
  A swamp dragon (Swamp:3)
  A naga ritualist (Snake:4)
  4 deep elf magi
  A phantasmal warrior (Vaults:3)
  An ironbrand convoker (Vaults:5)
  A mana viper (Snake:4)
  A necromancer (Crypt:3)
  2 salamanders
  A cyclops (Orc:2)
  A shining eye (Slime:4)
  16 slime creatures
  A vault sentinel (Vaults:3)
  A guardian serpent (Snake:4)
  A torpor snail (Lair:3)
  4 black mambas (Snake:1)
  2 guardian mummies
  A troll (Orc:2)
  An ettin skeleton (Tomb:2)
  3 yaks (Lair:3)
  A golden eye (Slime:3)
  3 fire elementals (Snake:1)
  3 nagas
  A hell hound (Snake:1)
  2 orc warriors
  A swamp drake (Swamp:4)
  An orc wizard (Orc:1)
  A mummy (Tomb:2)
  4 orcs
  A crawling corpse (Elf:3)
111 creatures vanquished.

Vanquished Creatures (others)
  An ironheart preserver (Vaults:4)
  A spriggan defender (Depths:5)
  A stone giant (Depths:3)
  3 yaktaur captains
  A vault guard (Vaults:5)
  A hydra (Swamp:1)
  4 centaur warriors
  A vampire mage (Depths:1)
  13 death scarabs (Tomb:2)
  An orc knight (Elf:2)
  2 deep elf magi (Elf:1)
  A salamander (Depths:2)
  A naga mage (Snake:4)
  6 yaktaurs
  A tengu conjurer (Depths:3)
  A hydra zombie (Hell)
  A tyrant leech (Swamp:1)
  2 nagas (Snake:4)
  An orc warrior (Orc:1)
  A wolf (IceCv)
  5 centaurs
  A hound (D:13)
  A jelly (D:13)
  An orc priest (Orc:1)
  An iguana (D:13)
  2 mummies (Tomb:1)
  2 orcs
  A kobold zombie (Tomb:1)
  14 fungi
  20 plants
  7 starspawn tentacles (WizLab)
  A withered plant (D:4)
100 creatures vanquished.

Grand Total: 3088 creatures vanquished

Notes
Turn   | Place    | Note
-------+----------+-------------------------------------------
     0 | D:1      | Moebius the Gargoyle Berserker began the quest for the Orb.
     0 | D:1      | Reached XP level 1. HP: 14/14 MP: 1/1
   121 | D:1      | Reached XP level 2. HP: 17/19 MP: 2/2
   545 | D:2      | Found a deep blue altar of Sif Muna.
   546 | D:2      | Found a stormy altar of Qazlal.
   562 | D:2      | Found an opulent altar of Gozag.
   563 | D:2      | Found a glowing golden altar of the Shining One.
   811 | D:2      | Reached XP level 3. HP: 23/24 MP: 3/3
   830 | D:2      | Reached XP level 4. HP: 11/29 MP: 4/4
  1336 | D:2      | Noticed Terence
  1345 | D:2      | Killed Terence
  1638 | D:4      | Noticed a centaur
  1642 | D:4      | Killed a centaur
  1642 | D:4      | Reached skill level 5 in Maces & Flails
  1642 | D:4      | Reached XP level 5. HP: 34/34 MP: 5/5
  1786 | D:3      | Reached ** piety under Trog
  1787 | D:3      | Reached XP level 6. HP: 39/39 MP: 6/6
  2224 | D:4      | Found a shimmering altar of Xom.
  2225 | D:4      | Found a hazy altar of Hepliaklqana.
  2226 | D:4      | Noticed a spectral ugly thing
  2257 | D:5      | Entered Level 5 of the Dungeon
  2295 | D:4      | Found a runed gate.
  2295 | D:4      | Found a runed gate.
  2295 | D:4      | Found a runed gate.
  2295 | D:4      | Noticed nht's ghost (amateur MiHu)
  2297 | D:4      | Noticed Oddysee's ghost (amateur SpVM)
  2367 | D:4      | Reached skill level 1 in Shields
  2533 | D:4      | Reached XP level 7. HP: 36/44 MP: 7/7
  2589 | D:4      | Found a glowing silver altar of Zin.
  2645 | D:4      | Found a sacrificial altar of Ru.
  3081 | D:4      | Killed Oddysee's ghost
  3104 | D:4      | Killed nht's ghost
  3104 | D:4      | Reached skill level 5 in Fighting
  3104 | D:4      | Reached skill level 2 in Shields
  3305 | D:5      | Noticed Edmund
  3312 | D:5      | Noticed Grinder
  3316 | D:5      | Killed Edmund
  3316 | D:5      | Reached skill level 3 in Shields
  3316 | D:5      | Reached XP level 8. HP: 49/49 MP: 8/8
  3356 | D:5      | Paralysed by something for 5 turns
  3380 | D:5      | Killed Grinder
  3380 | D:5      | Reached skill level 5 in Armour
  3517 | D:5      | Reached skill level 4 in Shields
  3553 | D:5      | Found a runed door.
  3559 | D:5      | Noticed Crazy Yiuf
  3562 | D:5      | Killed Crazy Yiuf
  3701 | D:5      | Reached *** piety under Trog
  4047 | D:5      | Noticed Eustachio
  4064 | D:5      | Reached skill level 1 in Throwing
  4149 | D:5      | Killed Eustachio
  4149 | D:5      | Reached skill level 5 in Shields
  4149 | D:5      | Reached XP level 9. HP: 40/55 MP: 9/9
  4616 | D:6      | Noticed Pikel
  4628 | D:6      | Killed Pikel
  4628 | D:6      | Reached skill level 6 in Shields
  5115 | D:7      | Reached **** piety under Trog
  5116 | D:7      | Noticed a green ugly thing
  5173 | D:7      | Killed a green ugly thing
  5293 | D:8      | Noticed a two-headed ogre
  5373 | D:8      | Reached XP level 10. HP: 54/61 MP: 10/10
  5399 | D:8      | Reached skill level 7 in Shields
  5448 | D:8      | Killed a two-headed ogre
  5518 | D:8      | Found a sacrificial altar of Ru.
  5644 | D:8      | Reached skill level 10 in Maces & Flails
  5720 | D:8      | Found a flagged portal.
  5743 | Bailey   | Entered a bailey
  5768 | Bailey   | Noticed an orc warlord
  5913 | Bailey   | Found a runed gate.
  5914 | Bailey   | Found a runed gate.
  5915 | Bailey   | Found a runed gate.
  6090 | Bailey   | Killed an orc warlord
  6090 | Bailey   | Reached skill level 8 in Shields
  6262 | D:7      | Reached ***** piety under Trog
  6262 | D:7      | Reached skill level 1 in Bows
  6354 | D:7      | Found Qarr's Gadget Emporium.
  6393 | D:7      | Found a staircase to the Ecumenical Temple.
  6401 | Temple   | Entered the Ecumenical Temple
  6762 | D:8      | Reached XP level 11. HP: 68/68 MP: 11/11
  6923 | D:8      | Identified 2 scrolls of acquirement
  6924 | D:8      | Got a coiled copper amulet
  6926 | D:8      | Identified the amulet "Xiosat" {Gourm Int+5} (You acquired it on level 8 of the Dungeon)
  7240 | D:9      | Found an iron altar of Okawaru.
  7300 | D:10     | Entered Level 10 of the Dungeon
  7611 | D:9      | Noticed Joseph
  7634 | D:9      | Killed Joseph
  7950 | D:9      | Gained mutation: You are partially covered in large bone plates. (SH +4) [potion of mutation]
  7950 | D:9      | Gained mutation: Your muscles are strong. (Str +2) [potion of mutation]
  7950 | D:9      | Gained mutation: You have sharp toenails. [potion of mutation]
  8228 | D:10     | Reached skill level 9 in Shields
  8493 | D:11     | Noticed a brown ugly thing
  8498 | D:11     | Killed a brown ugly thing
  8632 | D:10     | Found a staircase to the Lair.
  8665 | Lair:1   | Entered Level 1 of the Lair of Beasts
  8739 | Lair:1   | Found the +2 hat of the Bear Spirit {Spirit, +Rage rN+ MR++}
  8772 | Lair:2   | Noticed Sonja
  8778 | Lair:2   | Killed Sonja
  9208 | Lair:1   | Reached XP level 12. HP: 59/76 MP: 9/12
  9274 | Lair:1   | Noticed a five-headed hydra
  9285 | Lair:1   | Killed a five-headed hydra
  9285 | Lair:1   | Reached skill level 10 in Shields
  9863 | Lair:2   | Found a staircase to the Snake Pit.
 10066 | Lair:2   | Noticed a seven-headed hydra
 10074 | Lair:2   | Killed a seven-headed hydra
 10074 | Lair:2   | Reached skill level 11 in Shields
 10540 | Lair:2   | Found a staircase to the Swamp.
 10556 | Lair:2   | Reached skill level 10 in Fighting
 10816 | Lair:3   | Reached skill level 12 in Shields
 10895 | Lair:4   | Found a frozen archway.
 10905 | IceCv    | Entered an ice cave
 11315 | IceCv    | Reached XP level 13. HP: 79/83 MP: 13/13
 11455 | IceCv    | Reached skill level 13 in Shields
 11819 | IceCv    | Noticed a frost giant
 11854 | IceCv    | Killed a frost giant
 12165 | IceCv    | Got a pair of polished gloves
 12176 | IceCv    | Identified the cursed +0 pair of gloves of Masochism {rC+ Int+3} (You found it in an ice cave)
 12486 | Lair:3   | Received a gift from Trog
 12711 | Lair:3   | Reached skill level 14 in Shields
 12753 | Lair:3   | Lost mutation: You have sharp toenails. [potion of mutation]
 12753 | Lair:3   | Gained mutation: You are agile. (Dex +2) [potion of mutation]
 12753 | Lair:3   | Gained mutation: Armour fits poorly on your strangely shaped body. [potion of mutation]
 12753 | Lair:3   | Gained mutation: You are covered in fur. (AC +1) [potion of mutation]
 14148 | Lair:6   | Entered Level 6 of the Lair of Beasts
 14344 | Lair:5   | Found a staircase to the Slime Pits.
 14344 | Lair:5   | Found a viscous altar of Jiyva.
 14664 | Lair:6   | Noticed Josephine
 14749 | Lair:5   | Gained mutation: Your large and strong wings let you fly indefinitely. [Gargoyle growth]
 14749 | Lair:5   | Reached XP level 14. HP: 90/90 MP: 12/14
 15090 | Lair:6   | Reached skill level 15 in Shields
 15372 | Lair:6   | Killed Josephine
 15599 | Lair:6   | Reached skill level 15 in Maces & Flails
 15758 | Lair:6   | Received a gift from Trog
 15816 | Lair:6   | Noticed a dire elephant
 15828 | Lair:6   | Killed a dire elephant
 15872 | Lair:6   | Got an ancient halberd
 15873 | Lair:6   | Identified the +1 halberd "Concordance" {protect, rC+} (You found it on level 6 of the Lair of Beasts)
 16074 | Lair:6   | Got a twisted buckler
 16081 | Lair:6   | Identified the +2 buckler of Ymil {*Drain MR+++ Int+3} (You acquired it on level 6 of the Lair of Beasts)
 16140 | Lair:6   | Reached skill level 16 in Shields
 16249 | Lair:6   | Reached XP level 15. HP: 95/97 MP: 15/15
 16516 | Snake:1  | Entered Level 1 of the Snake Pit
 16529 | Snake:1  | Noticed Azrael
 16549 | Snake:1  | Killed Azrael
 16574 | Snake:1  | Received a gift from Trog
 16590 | Snake:1  | HP: 2/145 [naga ritualist/lance of force (26)]
 17575 | Snake:1  | Reached skill level 17 in Shields
 18293 | Snake:2  | Noticed a nagaraja
 18322 | Snake:2  | Killed a nagaraja
 18369 | Snake:3  | Noticed a nagaraja
 18413 | Snake:3  | Noticed Agnes
 18423 | Snake:3  | Killed a nagaraja
 18761 | Snake:2  | Reached XP level 16. HP: 82/104 MP: 13/16
 18767 | Snake:2  | Received a gift from Trog
 18913 | Snake:2  | Reached skill level 18 in Shields
 18947 | Snake:2  | Reached skill level 5 in Throwing
 18947 | Snake:2  | Reached XP level 17. HP: 98/109 MP: 17/17
 19729 | Snake:4  | Entered Level 4 of the Snake Pit
 20492 | Snake:4  | Noticed Louise
 20569 | Snake:3  | Killed Agnes
 20742 | Snake:4  | Noticed Vashnia
 20789 | Snake:4  | Killed Vashnia
 20789 | Snake:4  | Reached skill level 19 in Shields
 20900 | Snake:4  | Got a faintly glowing scimitar
 20914 | Snake:4  | Identified the +5 scimitar of Exkoj {drain, rF+} (You found it on level 4 of the Snake Pit)
 21053 | Snake:4  | Received a gift from Trog
 21362 | Snake:4  | Reached XP level 18. HP: 115/117 MP: 16/18
 22210 | Snake:4  | Received a gift from Trog
 22323 | Snake:4  | Reached skill level 20 in Shields
 22833 | Snake:4  | Noticed Roxanne
 22889 | Snake:4  | Killed Louise
 23299 | Snake:4  | Killed Roxanne
 23300 | Snake:4  | Identified Roxanne's Almanac of Moulding (You took it off Roxanne on level 4 of the Snake Pit)
 23562 | Snake:4  | Reached skill level 15 in Fighting
 23992 | Snake:4  | Received a gift from Trog
 24087 | Snake:4  | Got a serpentine rune of Zot
 24237 | Swamp:1  | Entered Level 1 of the Swamp
 24837 | Swamp:1  | Reached XP level 19. HP: 124/124 MP: 6/19
 25145 | Swamp:2  | Received a gift from Trog
 25422 | Swamp:2  | Received a gift from Trog
 25658 | Swamp:2  | Reached skill level 21 in Shields
 25895 | Swamp:3  | Lost mutation: Your muscles are strong. (Str +2) [potion of mutation]
 25895 | Swamp:3  | Lost mutation: You are agile. (Dex +2) [potion of mutation]
 25895 | Swamp:3  | Lost mutation: Armour fits poorly on your strangely shaped body. [potion of mutation]
 25895 | Swamp:3  | Lost mutation: You are covered in fur. (AC +1) [potion of mutation]
 25895 | Swamp:3  | Gained mutation: You are weak. (Str -2) [potion of mutation]
 25895 | Swamp:3  | Gained mutation: You have sharp toenails. [potion of mutation]
 25895 | Swamp:3  | Gained mutation: You are robust. (+10% HP) [potion of mutation]
 25910 | Swamp:4  | Entered Level 4 of the Swamp
 25968 | Swamp:3  | Reached skill level 10 in Armour
 26791 | Swamp:4  | Found the +9 heavy crossbow "Sniper" {velocity, Acc+∞ SInv}
 26893 | Swamp:4  | Identified the Papyrus of Augmentations and the Blaze
 27067 | Swamp:4  | Noticed the 27-headed Lernaean hydra
 27504 | Swamp:4  | Upgraded the game from 0.23-a0-61-g4bf3f6c to 0.23-a0-78-gc252fe1
 27643 | Swamp:4  | Killed the 27-headed Lernaean hydra
 27739 | Swamp:4  | Got a decaying rune of Zot
 28066 | Slime:1  | Entered Level 1 of the Pits of Slime
 28466 | D:11     | Received a gift from Trog
 28799 | D:11     | Found the amulet of Vitality {Regen+ HP+15}
 28886 | D:12     | Noticed Nergalle
 28897 | D:12     | Killed Nergalle
 29332 | D:12     | Noticed Nessos
 29359 | D:12     | Killed Nessos
 29417 | D:12     | Identified the Reference Book on Earthen Air
 29447 | D:12     | Got an ichor-stained short sword
 29448 | D:12     | Identified the +1 short sword of Jujaick {flame, rN+ Int+6} (You found it on level 12 of the Dungeon)
 29556 | D:12     | Found a roughly hewn altar of Beogh.
 29556 | D:12     | Found a staircase to the Orcish Mines.
 29682 | Orc:1    | Entered Level 1 of the Orcish Mines
 29713 | Orc:1    | Received a gift from Trog
 29763 | Orc:1    | Noticed Urug
 29780 | Orc:1    | Killed Urug
 29872 | Orc:1    | Received a gift from Trog
 30206 | Orc:2    | Entered Level 2 of the Orcish Mines
 30206 | Orc:2    | Found Emuges's Antique Weapon Shop.
 30223 | Orc:2    | Found Utooll's General Store.
 30346 | Orc:2    | Found Taskotsa's Antique Armour Boutique.
 30360 | Orc:2    | Bought a shimmering chain mail for 361 gold pieces
 30360 | Orc:2    | Bought a distressingly furry chain mail for 361 gold pieces
 30370 | Orc:2    | Identified the +8 chain mail of Quantum Leap {Stlth+} (You bought it in a shop on level 2 of the Orcish Mines)
 30380 | Orc:2    | Identified the cursed +1 chain mail "Achef" {rF+} (You bought it in a shop on level 2 of the Orcish Mines)
 30420 | Orc:2    | Noticed Erolcha
 30427 | Orc:2    | Killed Erolcha
 30488 | Orc:2    | Found a deep blue altar of Sif Muna.
 30506 | Orc:2    | Identified Sif Muna's Papyrus of Companions
 30550 | Orc:2    | Found a staircase to the Elven Halls.
 30555 | Orc:2    | Received a gift from Trog
 30576 | Orc:2    | Found Sapp's Jewellery Shop.
 30649 | Orc:2    | Bought a glowing blowgun for 132 gold pieces
 30683 | Orc:2    | Bought a scroll of enchant armour for 90 gold pieces
 30800 | Orc:2    | Bought an uncursed ring of resist corrosion for 320 gold pieces
 30800 | Orc:2    | Bought the ring of Posa {Fire Dex+2} for 579 gold pieces
 30800 | Orc:2    | Bought the amulet of Creativity {rN+ Regen+} for 659 gold pieces
 30806 | Orc:2    | Lost mutation: You are weak. (Str -2) [potion of mutation]
 30806 | Orc:2    | Lost mutation: You are robust. (+10% HP) [potion of mutation]
 30806 | Orc:2    | Lost mutation: You have sharp toenails. [potion of mutation]
 30806 | Orc:2    | Lost mutation: You are partially covered in large bone plates. (SH +4) [potion of mutation]
 30806 | Orc:2    | Gained mutation: You expend magic power (3 MP) to strengthen your wands. [potion of mutation]
 30806 | Orc:2    | Gained mutation: You have a pair of small horns on your head. [potion of mutation]
 31071 | Elf:1    | Entered Level 1 of the Elven Halls
 31079 | Elf:1    | Reached XP level 20. HP: 132/132 MP: 18/20
 31104 | Elf:1    | Received a gift from Trog
 31129 | Elf:1    | Reached skill level 22 in Shields
 31143 | Elf:1    | Received a gift from Trog
 31276 | Elf:1    | Found a magical portal.
 31316 | WizLab   | Entered Lehudib's Moon Base
 32257 | D:13     | Received a gift from Trog
 32593 | Elf:2    | Noticed Donald
 32615 | Elf:2    | Killed Donald
 32895 | Elf:1    | Received a gift from Trog
 33377 | Elf:2    | Received a gift from Trog
 33476 | Elf:2    | Found a roughly hewn altar of Beogh.
 33607 | Elf:3    | Entered Level 3 of the Elven Halls
 33722 | Elf:2    | Found Yliedweu's Antique Weapon Shoppe.
 33726 | Elf:2    | Bought a faintly glowing battleaxe for 448 gold pieces
 33737 | Elf:2    | Identified the +4 battleaxe of Blood {chaos, Str+3} (You bought it in a shop on level 2 of the Elven Halls)
 33755 | Elf:2    | Found a runed gate.
 33755 | Elf:2    | Found a runed gate.
 33756 | Elf:2    | Found a runed gate.
 34149 | Elf:2    | Reached skill level 5 in Dodging
 34452 | Elf:2    | Received a gift from Trog
 34753 | Elf:3    | Reached skill level 23 in Shields
 34931 | Elf:3    | Reached XP level 21. HP: 139/139 MP: 21/21
 35321 | Elf:3    | HP: 6/154 [Hell Sentinel/damnation[a deep elf demonologist] (52)]
 36163 | Elf:3    | Received a gift from Trog
 36207 | Elf:3    | Got a vibrating marble ring
 36541 | Elf:3    | Identified Luekorec's Guide on Snow and Shape Shifting
 36678 | Elf:3    | Identified the ring "Zib Raf" {rF+ rN+++ SInv} (You took it off a deep elf death mage on level 3 of the Elven Halls)
 36765 | Elf:3    | Got a heavily runed scale mail
 36771 | Elf:3    | Identified the +2 scale mail of the King {rElec rC- Int+2 SInv} (You found it on level 3 of the Elven Halls)
 37602 | Slime:2  | Gained mutation: Scrolls take you a little longer to read. [a shining eye]
 37626 | Slime:1  | Gained mutation: You are clumsy. (Dex -2) [a shining eye]
 37631 | Slime:1  | Gained mutation: Your magical capacity is low. (-10% MP) [a shining eye]
 37632 | Slime:1  | Gained mutation: You are weak. (Str -2) [a shining eye]
 37639 | Slime:1  | Gained mutation: You are dopey. (Int -2) [a shining eye]
 37641 | Slime:1  | Gained mutation: Your magical capacity is very low. (-20% MP) [a shining eye]
 37712 | Slime:1  | Gained mutation: You occasionally shout uncontrollably at your foes. [a shining eye]
 37716 | Slime:1  | Gained mutation: You tend to lose your temper in combat. [a shining eye]
 38212 | Slime:2  | Reached ****** piety under Trog
 38220 | Slime:2  | HP: 7/156 [large slime creature (21)]
 38660 | Slime:3  | Reached XP level 22. HP: 144/147 MP: 12/17
 38681 | Slime:2  | Received a gift from Trog
 38998 | Slime:2  | Received a gift from Trog
 39163 | Slime:4  | Noticed Dissolution
 39167 | Slime:4  | Killed Dissolution
 39167 | Slime:4  | Reached skill level 24 in Shields
 39172 | Slime:4  | Gained mutation: You are frail. (-10% HP) [a shining eye]
 39176 | Slime:4  | Gained mutation: Armour fits poorly on your strangely shaped body. [a shining eye]
 39335 | Slime:4  | Gained mutation: You are very frail. (-20% HP) [a shining eye]
 39341 | Slime:4  | Gained mutation: You are very clumsy. (Dex -4) [a shining eye]
 39343 | Slime:4  | Gained mutation: Scrolls take you longer to read. [a shining eye]
 39345 | Slime:4  | Gained mutation: Your body sometimes deteriorates upon taking damage. [a shining eye]
 39349 | Slime:4  | Lost mutation: You expend magic power (3 MP) to strengthen your wands. [a shining eye]
 39972 | Slime:5  | Entered Level 5 of the Pits of Slime
 40104 | Slime:5  | Gained mutation: Scrolls take you much longer to read. [a shining eye]
 40107 | Slime:5  | Gained mutation: Your spells are a little easier to cast, but a little less powerful. [a shining eye]
 40450 | Slime:5  | Noticed the Royal Jelly
 40850 | D:13     | Found a shimmering altar of Xom.
 41009 | D:14     | Found a gate to the Vaults.
 41009 | D:14     | Noticed Rupert
 41221 | D:13     | Found a portal to a secret trove of treasure.
 41655 | D:13     | Received a gift from Trog
 41696 | D:13     | Killed Rupert
 41997 | Vaults:1 | Entered Level 1 of the Vaults
 42165 | Vaults:1 | Received a gift from Trog
 42283 | Vaults:1 | Reached XP level 23. HP: 108/122 MP: 6/18
 42674 | Vaults:1 | Received a gift from Trog
 43050 | Vaults:1 | Reached skill level 25 in Shields
 44366 | Vaults:2 | Received a gift from Trog
 44482 | Vaults:2 | Identified the Catalogue of the Boosting Volcanoes
 44983 | Vaults:2 | Found Ajepp's Distillery.
 45023 | Vaults:2 | Bought a potion of curing for 60 gold pieces
 45023 | Vaults:2 | Bought a potion of haste for 200 gold pieces
 45023 | Vaults:2 | Bought a potion of haste for 200 gold pieces
 45807 | Vaults:3 | Reached XP level 24. HP: 129/129 MP: 5/18
 45931 | Vaults:3 | Received a gift from Trog
 46153 | Vaults:3 | Gained mutation: You sometimes yell uncontrollably at your foes. [a neqoxec]
 46490 | Vaults:3 | Found a staircase to the Crypt.
 46528 | Vaults:3 | Received a gift from Trog
 47043 | Vaults:3 | Noticed Saint Roka
 47048 | Vaults:3 | Received a gift from Trog
 47063 | Vaults:3 | Killed Saint Roka
 47178 | Crypt:1  | Entered Level 1 of the Crypt
 47185 | Crypt:1  | Noticed an ancient lich
 47537 | Vaults:3 | Reached skill level 26 in Shields
 47787 | Vaults:3 | Killed an ancient lich
 48704 | Crypt:1  | Identified the Handbook of Necromancy
 48923 | Crypt:3  | Entered Level 3 of the Crypt
 48953 | Crypt:3  | Received a gift from Trog
 49550 | Crypt:2  | Reached XP level 25. HP: 135/135 MP: 6/18
 49551 | Crypt:2  | Received a gift from Trog
 50625 | Crypt:3  | Noticed an ancient lich
 50636 | Crypt:3  | Killed an ancient lich
 50638 | Crypt:3  | Found a basalt altar of Yredelemnul.
 50672 | Crypt:3  | Identified the Catalogue of Displacement and Cold
 50674 | Crypt:3  | Identified Boaklab's Collected Works on Mutagenic Feathers
 50678 | Crypt:3  | Got a faintly glowing quarterstaff
 50686 | Crypt:3  | Identified the +1 quarterstaff "Dadusaxu" {freeze, +Inv rElec rF- Dex-4} (You found it on level 3 of the Crypt)
 51024 | Crypt:3  | Found a staircase to the Tomb.
 51052 | Tomb:1   | Entered Level 1 of the Tomb of the Ancients
 51221 | Crypt:3  | Reached skill level 27 in Shields
 51280 | Crypt:3  | Got a pair of faintly glowing gloves
 51291 | Crypt:3  | Identified the +0 pair of gloves of the Jabberwock {+Fly rCorr Str+3} (You found it on level 3 of the Crypt)
 52371 | Tomb:1   | Received a gift from Trog
 52866 | Tomb:1   | Got a faintly glowing bronze ring
 52876 | Tomb:1   | Identified the ring of Understanding {*Corrode MR+ Int+9 SInv Stlth+} (You took it off a guardian mummy on level 1 of the Tomb of the Ancients)
 53008 | Tomb:1   | Noticed a greater mummy
 53010 | Tomb:1   | Noticed a greater mummy
 53034 | Tomb:1   | HP: 6/151 [death scarab[a greater mummy] (12)]
 53046 | Tomb:1   | HP: 1/151 [greater mummy/divine providence (11)]
 53275 | Tomb:1   | Killed a greater mummy
 53845 | Tomb:2   | Noticed a greater mummy
 53846 | Tomb:2   | Noticed an ancient lich
 53846 | Tomb:2   | Noticed a greater mummy
 53852 | Tomb:2   | Noticed a greater mummy
 53962 | Tomb:1   | Killed a greater mummy
 54319 | Vaults:4 | Received a gift from Trog
 54383 | Vaults:5 | Entered Level 5 of the Vaults
 54649 | Vaults:4 | Received a gift from Trog
 54700 | Vaults:4 | Got a dazzling flail {god gift}
 54701 | Vaults:4 | Identified the +9 flail of Trial by Ordeal {protect, rN+} (Trog gifted it to you on level 4 of the Vaults)
 54912 | Vaults:4 | Reached skill level 10 in Dodging
 55076 | Vaults:4 | Reached XP level 26. HP: 108/141 MP: 5/18
 55571 | Vaults:4 | Found Setedgh's Assorted Antiques.
 55582 | Vaults:4 | Bought a potion of mutation for 256 gold pieces
 55582 | Vaults:4 | Bought a potion of mutation for 256 gold pieces
 55582 | Vaults:4 | Bought a scroll of enchant armour for 240 gold pieces
 55587 | Vaults:4 | Lost mutation: Your spells are a little easier to cast, but a little less powerful. [potion of mutation]
 55587 | Vaults:4 | Lost mutation: You have a pair of small horns on your head. [potion of mutation]
 55587 | Vaults:4 | Gained mutation: You are partially covered in large bone plates. (SH +4) [potion of mutation]
 55588 | Vaults:4 | Lost mutation: Scrolls take you much longer to read. [potion of mutation]
 55588 | Vaults:4 | Lost mutation: You are dopey. (Int -2) [potion of mutation]
 55588 | Vaults:4 | Lost mutation: You tend to lose your temper in combat. [potion of mutation]
 56123 | Vaults:5 | Received a gift from Trog
 57000 | Vaults:5 | Identified the Volume of Fetching Poison
 57057 | Vaults:5 | Noticed an ancient lich
 57066 | Vaults:5 | Killed an ancient lich
 57066 | Vaults:5 | Received a gift from Trog
 57196 | Vaults:5 | Reached skill level 10 in Throwing
 57217 | Vaults:5 | Got a polished broad axe {holy}
 57499 | Vaults:5 | Identified the +8 broad axe of Rauthul {holy, rF+ rC+} (You took it off a tengu reaver on level 5 of the Vaults)
 57552 | Vaults:5 | Reached skill level 1 in Axes
 57583 | Vaults:5 | Received a gift from Trog
 57920 | Vaults:5 | Got a pitted broad axe {speed}
 57921 | Vaults:5 | Identified the +4 broad axe "Coyt" {speed, Int+4 Dex+3} (You took it off a vault warden on level 5 of the Vaults)
 57942 | Vaults:5 | Reached skill level 5 in Axes
 57950 | Vaults:5 | Lost mutation: You are very frail. (-20% HP) [potion of mutation]
 57950 | Vaults:5 | Lost mutation: Scrolls take you longer to read. [potion of mutation]
 57950 | Vaults:5 | Lost mutation: Armour fits poorly on your strangely shaped body. [potion of mutation]
 57950 | Vaults:5 | Gained mutation: You possess an exceptional clarity of mind. [potion of mutation]
 57950 | Vaults:5 | Gained mutation: You have a pair of small antennae on your head. [potion of mutation]
 57950 | Vaults:5 | Gained mutation: Your spells are a little harder to cast, but a little more powerful. [potion of mutation]
 58193 | Vaults:5 | Got a steaming morningstar {freeze}
 58194 | Vaults:5 | Identified the +12 morningstar of Earthquakes {freeze, rElec rC++ Dex-3 Stlth+} (You took it off a fire giant on level 5 of the Vaults)
 58269 | Vaults:5 | Received a gift from Trog
 58300 | Vaults:5 | Got a silver rune of Zot
 58371 | Vaults:5 | Got a warped silver ring
 58375 | Vaults:5 | Noticed an ancient lich
 58390 | Vaults:5 | Killed an ancient lich
 58390 | Vaults:5 | Reached XP level 27. HP: 165/165 MP: 13/18
 58705 | Vaults:5 | Identified Vuuseg's Volume of the Compass and Execration
 58717 | Vaults:5 | Identified the ring of Eckidyhe {rPois EV+1} (You took it off a fire giant on level 5 of the Vaults)
 58764 | Vaults:5 | Received a gift from Trog
 58925 | Vaults:5 | Identified the Papyrus of the Glacier and Transformation
 59567 | Slime:5  | Found a viscous altar of Jiyva.
 59590 | Slime:5  | Found the +7 Spriggan's Knife {MR+ EV+4 Dex+4 Stlth+}
 59689 | Slime:5  | Gained mutation: You are dopey. (Int -2) [a shining eye]
 59690 | Slime:5  | Gained mutation: Armour fits poorly on your strangely shaped body. [a shining eye]
 59710 | Slime:5  | Killed the Royal Jelly
 60019 | Slime:5  | Identified the +7 rapier of Summertime {distort, rF+ Str+4 Int+4} (You found it on level 5 of the Pits of Slime)
 60056 | Slime:5  | Got a pitted falchion
 60059 | Slime:5  | Identified the +1 falchion of Zaoq {elec, rElec Stlth+} (You found it on level 5 of the Pits of Slime)
 60106 | Slime:5  | Identified the +8 dagger of Doom {pierce, rPois rF+ Int+3 Stlth+} (You found it on level 5 of the Pits of Slime)
 60146 | Slime:5  | Got a vibrating copper amulet
 60149 | Slime:5  | Identified the amulet of Qyrrug {Spirit rF+ rC++ Str-4 Int+3} (You found it on level 5 of the Pits of Slime)
 60152 | Slime:5  | Got a slimy rune of Zot
 60161 | Slime:5  | Identified the +3 ring mail of Kikubaaqudgha's Envy {MP+9} (You found it on level 5 of the Pits of Slime)
 60654 | D:15     | Entered Level 15 of the Dungeon
 60741 | D:14     | Found Agoeckos's Antique Weapon Shoppe.
 61288 | D:15     | Received a gift from Trog
 61460 | D:15     | Found a staircase to the Depths.
 61764 | D:15     | Received a gift from Trog
 62255 | Depths:1 | Entered Level 1 of the Depths
 63040 | Depths:1 | Noticed Asterion
 63055 | Depths:1 | Killed Asterion
 63264 | Depths:1 | Received a gift from Trog
 63406 | Depths:1 | Found a gateway to Hell.
 63436 | Depths:1 | Identified the +3 flail "Xoicva" {crush, MR+ Dex+3} (You found it on level 1 of the Depths)
 63516 | Depths:2 | Received a gift from Trog
 63608 | Depths:2 | Found a one-way gate leading to the halls of Pandemonium.
 64113 | Hell     | Entered the Vestibule of Hell
 64205 | Depths:3 | Found a one-way gate to the infinite horrors of the Abyss.
 64238 | Depths:3 | Received a gift from Trog
 64318 | Depths:4 | Found a gateway to a ziggurat.
 64509 | Depths:4 | Reached skill level 10 in Axes
 64522 | Depths:4 | Found a flickering gateway to a bazaar.
 64528 | Bazaar   | Entered a bazaar
 64528 | Bazaar   | Found Guotaoc's Distillery.
 64528 | Bazaar   | Found Plog's Armour Emporium.
 64528 | Bazaar   | Found Moelles's Antique Weapon Emporium.
 64529 | Bazaar   | Found Mafaonacw's Food Shoppe.
 64529 | Bazaar   | Found Fiseyggi's Armour Shoppe.
 64537 | Bazaar   | Bought a dazzling flail for 212 gold pieces
 64539 | Bazaar   | Identified the +7 flail of Joint {antimagic, rF++ Dex+4} (You bought it in a shop in a bazaar)
 64544 | Bazaar   | Bought a potion of curing for 39 gold pieces
 64544 | Bazaar   | Bought a potion of might for 52 gold pieces
 64544 | Bazaar   | Bought a potion of heal wounds for 65 gold pieces
 64544 | Bazaar   | Bought a potion of heal wounds for 65 gold pieces
 64565 | Bazaar   | Bought a twisted great mace for 287 gold pieces
 64568 | Bazaar   | Identified the +5 great mace of Ruination {drain, Int+6} (You bought it in a shop in a bazaar)
 64582 | Bazaar   | Bought the +6 fire dragon scales of Limited Liability {-Tele rF++ rC- Int+5} for 607 gold pieces
 64592 | Bazaar   | Bought a ration for 60 gold pieces
 64592 | Bazaar   | Bought a ration for 60 gold pieces
 64592 | Bazaar   | Bought a ration for 60 gold pieces
 64592 | Bazaar   | Bought a ration for 60 gold pieces
 64592 | Bazaar   | Bought a ration for 60 gold pieces
 64592 | Bazaar   | Bought a ration for 60 gold pieces
 64592 | Bazaar   | Bought a ration for 60 gold pieces
 64592 | Bazaar   | Bought a ration for 60 gold pieces
 64632 | Depths:5 | Entered Level 5 of the Depths
 64710 | Depths:4 | Received a gift from Trog
 64831 | Depths:2 | Found a sparkling altar of Nemelex Xobeh.
 66639 | Depths:5 | Received a gift from Trog
 66776 | Depths:5 | Received a gift from Trog
 66923 | Depths:5 | Found a gate to the Realm of Zot.
 67180 | Depths:5 | Received a gift from Trog
 67944 | Hell     | Noticed Geryon
 67988 | Hell     | Received a gift from Trog
 68065 | Hell     | Killed Geryon
 68065 | Hell     | Reached skill level 15 in Axes
 68308 | Hell     | Found a gateway to the ashen valley of Gehenna.
 68323 | Hell     | Received a gift from Trog
 68470 | Hell     | Found a gateway to the freezing wastes of Cocytus.
 68577 | Hell     | Found a gateway to the decaying netherworld of Tartarus.
 68668 | Hell     | Found a gateway to the Iron City of Dis.
 68754 | Coc:1    | Entered Level 1 of Cocytus
 68797 | Tar:1    | Entered Level 1 of Tartarus
 68850 | Geh:1    | Entered Level 1 of Gehenna
 68962 | Geh:1    | Received a gift from Trog
 69336 | Geh:1    | Received a gift from Trog
 69996 | Geh:2    | Killed from afar by a hellion

Vault maps used:
D:1:      scummos_arrival_forest, lemuel_old_faithful
D:2:      cheibrodos_pilgrimage, chequers_temple_overflow_statue_of_worship,
          uniq_terence
D:4:      regret_index_temple_of_mockery, zin_statuary,
          gammafunk_ghost_cemetery, nicolae_ru_the_path_less_chosen
D:5:      first_ration, uniq_eustachio, uniq_crazy_yiuf_cottage, uniq_grinder,
          uniq_edmund
D:6:      uniq_pikel
D:7:      minmay_temple_entry_hall, serial_shops, nicolae_shop_window_shopping,
          hangedman_minor_gate_pass
D:8:      kennysheep_little_box, enter_bailey_7, hangedman_little_slice_of_home
D:9:      okawaru_ov_weapons_minmay, uniq_joseph
D:10:     grunt_lair_entry_orc_guard_hut
D:12:     david_orc_5, minmay_strange_pillars, minmay_lindwurm_lava,
          uniq_nessos, uniq_nergalle
D:13:     enter_trove_6, xom_confusion_cloud
D:14:     david_vaults_3, serial_shops, shop
D:15:     grunt_enter_depths_hoard, nicolae_twisting_strands,
          einodemon_crawler_minivault, uniq_rupert
Temple:   cyrus_circular_temple
Lair:1:   serial_bayou_shore_b
Lair:2:   nicolae_swamp_entry_splash_gauntlet, minmay_snake_entry_spellcaster,
          special_room, uniq_sonja
Lair:3:   forest_entry_grove, grunt_megastairs_4
Lair:4:   portal_ice_cave_entry_pillars_1, minmay_lair_oklob_chamber,
          infiniplex_staircase_pool_2
Lair:5:   slime_altar_1
Lair:6:   grunt_lair_end_beastmaster, serial_bayou_pond_b, serial_bayou_ford_a,
          uniq_josephine
Swamp:1:  hangedman_swamp_ruin_wall
Swamp:2:  hangedman_swamp_cone, infiniplex_staircase_pool
Swamp:3:  nicolae_swamp_fairy_circle, swamp_pool1, st_swamp_ruins_2
Swamp:4:  swamp_old_school
Snake:1:  uniq_azrael
Snake:2:  lemuel_fruit_tree
Snake:3:  hangedman_venom_bottle, uniq_agnes
Snake:4:  grunt_snake_rune_spirals, special_room, basic_stair_grate_trap,
          uniq_louise, uniq_vashnia, uniq_roxanne
Slime:4:  dissolution_awaits
Orc:1:    uniq_urug
Orc:2:    grunt_orc_gardens, grunt_orc_garden, grunt_orc_garden,
          grunt_orc_garden, grunt_orc_garden, led_sif_book, uniq_erolcha
Elf:1:    minmay_elf_arrival_summoners, mu_enter_wizlab_3,
          hangedman_elf_represent, st_stairs_13
Elf:2:    serial_shops, shop, special_room, uniq_donald
Elf:3:    minmay_elf_hall_four_x, laboratory
Vaults:1: grunt_vaults_hallway_long, hangedman_vaults_corner_blocks,
          grunt_vaults_focal, vaults_room_pool,
          vaults_room_grunt_arrival_ludios, v_misc_26,
          nicolae_vaults_windows_and_doors_thing, ontoclasm_vaults_shuriken,
          hangedman_vaults_restitches, vaults_dpeg_hooks,
          vaults_room_stairs_pillars
Vaults:2: v_alt_pattern_5, ontoclasm_vaults_misaligned, v_misc_27,
          nicolae_vaults_network_square, v_misc_26, nicolae_vaults_little_ls,
          nicolae_vaults_shelves_hall, st_hourglassy,
          nicolae_vaults_specimen_jars, ontoclasm_vaults_chip,
          hangedman_vaults_nails, serial_shops, shop
Vaults:3: grunt_vaults_hallway_short, minmay_crypt_entry_vampire_xt,
          grunt_vaults_bifocal, v_misc_5, v_misc_8, v_misc_1,
          ontoclasm_vaults_chip, v_misc_17, ontoclasm_vaults_gateway,
          hangedman_vaults_slice, hangedman_vaults_trim, uniq_saint_roka
Vaults:4: hangedman_vaults_river_flow, ontoclasm_vaults_eye, st_lattice,
          v_misc_19, vaults_room_corners, vaults_room_pool, v_misc_15,
          vaults_room_large_hall, ontoclasm_vaults_ligature,
          ontoclasm_vaults_chip, v_pattern_4, serial_shops,
          nicolae_shop_competitors_out_of_business, serial_glass
Crypt:1:  special_room, hex_large, evilmike_ambush
Crypt:2:  nicolae_crypt_little_mausoleum, roderic_lattice_octagonal_star
Crypt:3:  cryptofortress_bobbens
Depths:1: nrook_pool_corridor, lightli_too_deep, kennysheep_generic_room_16,
          uniq_asterion
Depths:2: nicolae_whirlpool, hell_entry, pan_entry, minmay_room_of_horrors,
          grunt_decor_one_mirror, nemelex_diamond_rough_becter,
          serial_bayou_shore_a
Depths:3: lemuel_flame_loot_2, hangedman_coc_ice_floe, rand_demon_pan_entry_7,
          abyss_entry, nicolae_lava_and_water, infiniplex_staircase_9_rooms
Depths:4: minmay_glassy_protrusions, enter_ziggurat_e, kennysheep_nub,
          grunt_hell_entry_dis_mu, abyss_entry, serial_shops, bzr_entry_safe,
          infiniplex_staircase_split_hallway
Depths:5: hangedman_pleasuredromes, hell_entry
Geh:2:    lemuel_hellion_isle
Bazaar:   bazaar_jpeg_oval
Bailey:   bailey_axe_bossmonster_kennysheep, bailey
IceCv:    ice_cave_caverns_02
WizLab:   wizlab_lehudib

Skill      XL: |  1  2  3  4  5  6  7  8  9 10 11 12 13 14 15 16 17 18 19 20 21 22 23 24 25 26 27 |
---------------+----------------------------------------------------------------------------------+-----
Maces & Flails | 4 5 7 8 9 10 12 13 14 15 16 17 18 19 20 21 22 23 | 23.9
Fighting       | 4 5 6 7 9 10 11 12 13 14 15 16 17 18 19 20 21 22 24 | 24.4
Armour         | 3 4 5 6 7 8 9 10 11 12 13 | 13.9
Shields        | 1 3 5 6 8 9 12 14 16 17 18 19 20 21 23 24 25 26 27 | 27.0
Throwing       | 1 2 3 4 5 7 8 9 10 | 10.1
Bows           | 1 |  1.3
Dodging        | 3 5 6 7 8 10 12 | 12.2
Axes           | 6 16 | 16.8
Evocations     | |  0.3

Action                   |  1- 3 |  4- 6 |  7- 9 | 10-12 | 13-15 | 16-18 | 19-21 | 22-24 | 25-27 || total
-------------------------+-------+-------+-------+-------+-------+-------+-------+-------+-------++-------
Melee: Mace              |    27 |   163 |   583 |    65 |       |       |       |       |       ||   838
       Great mace        |    41 |    47 |       |       |       |       |       |       |       ||    88
       Flail             |       |       |       |   851 |   212 |       |       |       |    33 ||  1096
       Morningstar       |       |       |       |       |   604 |    51 |       |  1800 |  2207 ||  4662
       Eveningstar       |       |       |       |       |   346 |   751 |  2032 |   888 |   250 ||  4267
       Demon whip        |       |       |       |       |       |   554 |    37 |     3 |       ||   594
       Headbutt          |       |       |       |       |       |       |   316 |   668 |   290 ||  1274
       Broad axe         |       |       |       |       |       |       |    21 |       |  1870 ||  1891
 Fire: Shortbow          |       |       |       |     5 |       |       |       |       |       ||     5
       Blowgun           |       |       |       |     3 |       |     6 |       |       |       ||     9
Throw: Tomahawk          |       |     7 |     5 |    29 |    39 |   168 |    87 |    69 |   102 ||   506
       Javelin           |       |       |       |       |       |       |       |    10 |    18 ||    28
Invok: Berserk           |     1 |     8 |    12 |    11 |    15 |     7 |     9 |     5 |    12 ||    80
       Trog's Hand       |       |       |     1 |     3 |     7 |     4 |     9 |     8 |    19 ||    51
       Brothers in Arms  |       |       |       |     3 |     9 |     5 |    13 |    13 |    10 ||    53
Evoke: Wand              |       |       |     5 |     9 |     2 |     7 |     9 |     4 |    16 ||    52
       Box of beasts     |       |       |       |       |       |     3 |     1 |     5 |       ||     9
       Lightning rod     |       |       |       |       |       |     2 |     4 |       |     9 ||    15
       Lamp of fire      |       |       |       |       |       |     1 |     1 |     2 |     3 ||     7
       Phantom mirror    |       |       |       |       |       |       |     2 |     1 |       ||     3
       Phial of floods   |       |       |       |       |       |       |     1 |     3 |     4 ||     8
       Sack of spiders   |       |       |       |       |       |       |       |       |     3 ||     3
       Horn of Geryon    |       |       |       |       |       |       |       |       |     1 ||     1
  Use: Scroll            |       |     6 |     6 |    19 |    12 |     7 |    22 |     5 |    42 ||   119
       Potion            |       |     4 |     7 |     4 |    18 |     5 |    19 |     6 |    16 ||    79
 Stab: Petrifying        |       |       |       |       |     1 |       |       |       |       ||     1
       Petrified         |       |       |       |       |     1 |       |       |       |       ||     1
       Distracted        |       |       |       |       |       |     2 |     1 |     3 |     4 ||    10
       Confused          |       |       |       |       |       |       |     1 |       |       ||     1
       Sleeping          |       |       |       |       |       |       |     1 |       |       ||     1
  Eat: Chunk             |       |    14 |    11 |    51 |    31 |    22 |    39 |    25 |    42 ||   235
       Ration            |       |       |     3 |       |     2 |     4 |     5 |     9 |    15 ||    38
Armor: Ring mail         |    31 |    50 |       |       |       |       |       |       |       ||    81
       Skin              |       |    15 |     9 |       |    67 |       |    54 |       |       ||   145
       Chain mail        |       |    95 |   122 |       |       |       |   205 |       |       ||   422
       Scale mail        |       |       |   162 |   191 |   226 |   205 |   309 |   833 |   767 ||  2693
       Plate armour      |       |       |       |   227 |    72 |       |       |       |       ||   299
       Robe              |       |       |       |       |       |       |     3 |       |       ||     3
       Fire dragon scale |       |       |       |       |       |       |       |       |   184 ||   184
       Acid dragon scale |       |       |       |       |       |       |       |       |    64 ||    64
Dodge: Dodged            |    49 |    99 |   139 |   229 |   218 |   242 |   510 |   672 |  1108 ||  3266
Block: Shield            |       |    41 |   218 |   166 |       |       |       |       |       ||   425
       Large shield      |       |       |       |   701 |  1476 |  1505 |  2329 |  3144 |  5393 || 14548
       Other             |       |       |       |     3 |       |       |       |       |       ||     3
       Reflection        |       |       |       |       |       |       |       |       |   214 ||   214

Table legend:
 A = Non-vault XP
 B = Vault XP
 C = Vault XP percentage of total XP
 D = Non-vault monster count
 E = Vault monster count
 F = Vault count percentage of total count
 G = Total turns spent on level
                 A         B        C        D         E       F
            +---------+---------+-------+---------+---------+-------
      Total |  885131 |  844117 |  48.8 |    1873 |    1129 |  37.6
            +---------+---------+-------+---------+---------+-------
        D:1 |      17 |       0 |   0.0 |       8 |       0 |   0.0
        D:2 |      50 |      89 |  64.0 |      15 |       6 |  28.6
        D:3 |      47 |       0 |   0.0 |      14 |       0 |   0.0
        D:4 |     457 |     493 |  51.9 |      17 |       2 |  10.5
        D:5 |     600 |     693 |  53.6 |      22 |       4 |  15.4
        D:6 |     619 |     571 |  48.0 |      14 |       1 |   6.7
        D:7 |     840 |     821 |  49.4 |      18 |       5 |  21.7
        D:8 |    2014 |     198 |   9.0 |      27 |      12 |  30.8
        D:9 |    1926 |     466 |  19.5 |      28 |       1 |   3.4
       D:10 |    1947 |     840 |  30.1 |      17 |       6 |  26.1
       D:11 |    4791 |       0 |   0.0 |      26 |       0 |   0.0
       D:12 |    2432 |    5483 |  69.3 |      20 |      30 |  60.0
       D:13 |   13118 |    9811 |  42.8 |      50 |      26 |  34.2
       D:14 |    8300 |       0 |   0.0 |      35 |       0 |   0.0
       D:15 |   18728 |    3668 |  16.4 |      43 |       8 |  15.7
     Lair:1 |    4776 |       0 |   0.0 |      21 |       0 |   0.0
     Lair:2 |    2629 |    3786 |  59.0 |      12 |      27 |  69.2
     Lair:3 |    4343 |    1727 |  28.5 |      23 |       9 |  28.1
     Lair:4 |    3490 |    2272 |  39.4 |      11 |       7 |  38.9
     Lair:5 |   10588 |     423 |   3.8 |      23 |       2 |   8.0
     Lair:6 |   17020 |   12722 |  42.8 |      52 |      25 |  32.5
    Swamp:1 |    9342 |       0 |   0.0 |      34 |       0 |   0.0
    Swamp:2 |   15302 |       0 |   0.0 |      27 |       0 |   0.0
    Swamp:3 |    8101 |    3786 |  31.8 |      17 |       7 |  29.2
    Swamp:4 |    4772 |   14909 |  75.8 |      10 |      23 |  69.7
    Snake:1 |   28356 |    2086 |   6.9 |      51 |       8 |  13.6
    Snake:2 |   21389 |       0 |   0.0 |      45 |       0 |   0.0
    Snake:3 |   17203 |    7866 |  31.4 |      35 |      23 |  39.7
    Snake:4 |   22752 |   67724 |  74.9 |      38 |      94 |  71.2
    Slime:1 |   29708 |       0 |   0.0 |      35 |       0 |   0.0
    Slime:2 |   16288 |       0 |   0.0 |      37 |       0 |   0.0
    Slime:3 |   17937 |       0 |   0.0 |      33 |       0 |   0.0
    Slime:4 |   25298 |   12626 |  33.3 |      31 |       4 |  11.4
    Slime:5 |   28432 |   26630 |  48.4 |      32 |       9 |  22.0
      Orc:1 |    5596 |     835 |  13.0 |      48 |       1 |   2.0
      Orc:2 |    2644 |    8223 |  75.7 |      15 |      15 |  50.0
      Elf:1 |   30196 |   10257 |  25.4 |      53 |      16 |  23.2
      Elf:2 |    8097 |   32594 |  80.1 |      14 |      52 |  78.8
      Elf:3 |    9424 |   53806 |  85.1 |      17 |      51 |  75.0
   Vaults:1 |   47753 |   23228 |  32.7 |      66 |      31 |  32.0
   Vaults:2 |   23008 |   27450 |  54.4 |      38 |      31 |  44.9
   Vaults:3 |   38157 |   47424 |  55.4 |      66 |      59 |  47.2
   Vaults:4 |   38740 |   31989 |  45.2 |      84 |      35 |  29.4
   Vaults:5 |   17568 |  123659 |  87.6 |      29 |      83 |  74.1
    Crypt:1 |   15379 |   21246 |  58.0 |      30 |      25 |  45.5
    Crypt:2 |   22537 |    1335 |   5.6 |      35 |       1 |   2.8
    Crypt:3 |       0 |   67589 | 100.0 |       0 |      95 | 100.0
     Tomb:1 |   10338 |   26426 |  71.9 |      27 |      23 |  46.0
     Tomb:2 |     110 |    1348 |  92.5 |       1 |       3 |  75.0
   Depths:1 |   41271 |    8639 |  17.3 |      59 |       7 |  10.6
   Depths:2 |   56029 |    5966 |   9.6 |      77 |      20 |  20.6
   Depths:3 |   31685 |    6990 |  18.1 |      39 |       8 |  17.0
   Depths:4 |   41536 |   12151 |  22.6 |      43 |       5 |  10.4
   Depths:5 |    4351 |  103824 |  96.0 |      11 |      90 |  89.1
       Hell |   29666 |   26645 |  47.3 |      49 |      53 |  52.0
      Geh:1 |   51830 |       0 |   0.0 |     121 |       0 |   0.0
      Geh:2 |   14885 |       0 |   0.0 |      28 |       0 |   0.0
      Tar:1 |     719 |       0 |   0.0 |       2 |       0 |   0.0
     Bailey |       0 |    2082 | 100.0 |       0 |      27 | 100.0
      IceCv |       0 |   12272 | 100.0 |       0 |      48 | 100.0
     WizLab |       0 |    8449 | 100.0 |       0 |      11 | 100.0
            +---------+---------+-------+---------+---------+-------
